 Dungeon Crawl Stone Soup version 0.31-a0-986-g5e6e4ef867 (webtiles) character file.

Game seed: 8382287461167183129

403 timneilson the Ruffian (level 6, 0/42 HPs)
             Began as an Octopode Shapeshifter on Nov 12, 2023.
             Slain by a black bear (6 damage)
             ... on level 5 of the Dungeon.
             The game lasted 00:06:33 (3605 turns).

timneilson the Ruffian (Octopode Shapeshifter)      Turns: 3605, Time: 00:06:33

Health: 0/42       AC:  1    Str: 15    XL:     6   Next: 86%
Magic:  8/8        EV: 13    Int: 13    God:
Gold:   237        SH:  0    Dex: 11    Spells: 7/7 levels left

rFire   . .          .
                       - Unarmed
rCold   . . .        (no shield)
rNeg    . . .        (helmet currently unavailable)
rPois   .            (no amulet)
rElec   .            f - ring of see invisible
rCorr   .            (no ring)
SInv    +            (no ring)
Will    .....        (no ring)
Stlth   +++          (no ring)
HPRegen 0.27/turn    (no ring)
MPRegen 0.11/turn    (no ring)
                     (no ring)

%: no passive effects
@: beast-form
A: beast (slay +2), almost no armour, amphibious, 8 rings, camouflage 1,
gelatinous body 1, (nimble swimmer 1), tentacles
a: Begin Untransformation


You were on level 5 of the Dungeon.
You were a hulking beast.
You visited 2 branches of the dungeon, and saw 6 of its levels.

You collected 237 gold pieces.

Inventory:

Missiles
 k - a throwing net
Jewellery
 f - a ring of see invisible (left tentacle)
 p - a ring of protection from cold
Talismans
 b - a beast talisman
 c - a flux talisman
 i - a granite talisman
 n - a maw talisman
Wands
 o - a wand of charming (12)
Scrolls
 e - a scroll of identify
 m - 3 scrolls of teleportation
 t - a scroll of fog
Potions
 a - a potion of lignification
 d - 3 potions of attraction
 g - a potion of resistance
 h - 4 potions of curing
 j - a potion of heal wounds
 l - 3 potions of haste
 q - a potion of berserk rage
 r - a potion of invisibility


   Skills:
 * Level 3.0 Fighting
 * Level 3.5 Dodging
 + Level 2.5 Stealth
 * Level 4.3 Unarmed Combat
 + Level 1.4 Spellcasting
 + Level 0.3 Evocations
 * Level 4.0 Shapeshifting


You had 7 spell levels left.
You didn't know any spells.
Your spell library contained the following spells:

 Spells                   Type           Power      Damage    Failure   Level
 Necrotise                Necr           0%         1d4       26%         1
 Lesser Beckoning         Tloc           0%         N/A       38%         2
 Gell's Gravitas          Tloc           0%         N/A       63%         3
 Teleport Other           Tloc           0%         N/A       63%         3
 Vampiric Draining        Necr           0%         2d6       63%         3
 Summon Lightning Spire   Summ/Air       0%         N/A       95%         4
 Agony                    Necr           0%         N/A       100%        5
 Lee's Rapid Deconstruct  Erth           0%         3d4*      100%        5
 Animate Armour           Summ/Erth      Unusable   N/A       N/A         4

Dungeon Overview and Level Annotations

Branches:
Dungeon (5/15)             Temple (1/1) D:4

Altars:
Cheibriados
Dithmenos
Nemelex Xobeh
Okawaru
Qazlal
Sif Muna
Vehumet
Wu Jian
Yredelemnul
Zin
The Shining One
Lugonu

Shops:
D:1 (


Innate Abilities, Weirdness & Mutations

You are a hulking beast.
Your limbs bulge with bestial killing power. (Slay +2)
You cannot wear most types of armour.
You are amphibious.
You can wear up to eight rings at the same time.
Your skin changes colour to match your surroundings (Stealth+).
Your rubbery body absorbs attacks. (AC +1, EV +1)
((You are camouflaged when in or above water. (Stealth+)))
You have tentacles for arms and can constrict up to eight enemies at once.


Message History

You squeeze the orc wizard.
The orc wizard is severely wounded.
You constrict the orc wizard.
The orc wizard hits you with a +0 dagger.
The orc misses you.
You tentacle-slap the black bear. Your grab misses the black bear.
The black bear is lightly wounded.
You constrict the orc wizard.
The orc wizard gestures at you while chanting.
The puff of flame hits you!
The black bear bites you but does no damage.
The black bear claws you. x2
You barely miss the black bear. You grab the black bear.
The black bear is lightly wounded.
You constrict the black bear.
You constrict the orc wizard, but do no damage.
The orc barely misses you.
You feel much better.
You constrict the black bear. You constrict the orc wizard.
You kill the orc wizard!
The black bear bites you. The black bear claws you. x2
The orc completely misses you.
You tentacle-slap the black bear. You squeeze the black bear.
The black bear is heavily wounded.
You constrict the black bear. The black bear bites you.
The black bear claws you. x2
The orc hits you from afar with a +0 trident!
You tentacle-slap the black bear. x2
The black bear is severely wounded.
You constrict the black bear, but do no damage.
The black bear goes berserk!
The orc misses you.
You tentacle-slap the black bear. You squeeze the black bear.
The black bear is almost dead.
You constrict the black bear. The black bear bites you!
* * * LOW HITPOINT WARNING * * *
The black bear claws you.
* * * LOW HITPOINT WARNING * * *
The black bear closely misses you. The orc barely misses you.
The black bear barely misses you. The black bear claws you.
You die...

### #oo. # #.# #### ###
#.o# # # #.# #..####.# #..#
.##### # #.## ##..##..#
#..##...... # #..# ##..#..#
#..#....... # ##.# #.....#
#.........h # ##.##
##....######o...##....
###...## ##......##.(...# #
##.....####..###h))......##
#..###...#..####.ho..#....#
.###
##....####...##..##...# ##
#....###...####..####..
########..###....# #...# ##
#.........# #...## #...#
###....#### ##..# ##..##
##..## #..## #....# ###..##
#...###....#


You could see a black bear (berserk) and an orc.

Vanquished Creatures
  The ghost of Lobster4 the Digger, an amateur GrEE (D:3)
  A hound (D:4)
  An orc priest (D:3)
  Jessica (D:2)
  2 orc wizards (D:5)
  A scorpion zombie (D:3)
  4 adders
  3 gnolls (D:2)
  A worm (D:3)
  3 dart slugs
  6 orcs
  6 endoplasms
  15 giant cockroaches
  7 goblins
  7 hobgoblins
  6 jackals (D:2)
  A quokka (D:1)
  8 ball pythons
  A ball python zombie (D:3)
  10 bats
  2 frilled lizards (D:2)
  6 kobolds
93 creatures vanquished.

Notes
Turn   | Place    | Note
-------+----------+-------------------------------------------
     0 | D:1      | timneilson the Octopode Shapeshifter began the quest for
                  | the Orb.
     0 | D:1      | Reached XP level 1. HP: 13/13 MP: 1/1
     6 | D:1      | Noticed a polar bear
     6 | D:1      | Noticed a komodo dragon
     6 | D:1      | Noticed a swamp drake
     7 | D:1      | Noticed an anaconda
   187 | D:1      | Reached XP level 2. HP: 17/18 MP: 2/2
   465 | D:1      | Found Firumi Erim's Weapon Boutique.
   911 | D:2      | Reached XP level 3. HP: 23/23 MP: 3/3
   919 | D:2      | Reached skill level 1 in Stealth
  1108 | D:2      | Reached XP level 4. HP: 21/29 MP: 4/4
  1319 | D:2      | Noticed Jessica
  1321 | D:2      | Killed Jessica
  1322 | D:2      | Reached XP level 5. HP: 34/34 MP: 6/6
  2417 | D:3      | Found a stormy altar of Qazlal.
  2481 | D:3      | Reached skill level 1 in Spellcasting
  2690 | D:3      | Found a runed translucent gate.
  2690 | D:3      | Found a runed translucent gate.
  2690 | D:3      | Found a runed translucent gate.
  2690 | D:3      | Noticed Lobster4's ghost (amateur GrEE)
  2692 | D:3      | Found a basalt altar of Yredelemnul.
  2703 | D:3      | Reached XP level 6. HP: 41/41 MP: 7/7
  2830 | D:3      | Killed Lobster4's ghost
  3219 | D:4      | Found a staircase to the Ecumenical Temple.
  3231 | Temple   | Entered the Ecumenical Temple
  3434 | D:5      | Entered Level 5 of the Dungeon
  3561 | D:5      | Noticed a black bear
  3605 | D:5      | Slain by a black bear

Illustrated notes

Levels and vault maps discovered:
D:1:      onia_arrival_zoo_common, layout_loops_ring, serial_shops, shop,
          minmay_misc_feat_rugged
D:2:      minmay_roachtagon, layout_basic, chequers_serial_rivers_marsh,
          uniq_jessica
D:3:      layout_basic, nicolae_yredelemnul_ghost_church, lemuel_crystal_altar
D:4:      layout_rooms, minmay_temple_entry_butterflies
D:5:      layout_layer_cave, brannock_xom_greatest_gift,
          nicolae_overflow_hidden_temple
Temple:   kb_corrupted_temple

Skill      XL: |  1  2  3  4  5  6 |
---------------+-------------------+-----
Stealth        | 1 2 |  2.5
Fighting       | 2 3 |  3.0
Dodging        | 3 |  3.5
Spellcasting   | 1 |  1.4
Unarmed Combat | 4 |  4.3
Shapeshifting  | 4 |  4.0
Evocations     | |  0.3

Action                     |  1- 3 |  4- 6 || total
---------------------------+-------+-------++-------
  Melee: Unarmed           |    73 |   134 ||   207
         Constrict         |    15 |    31 ||    46
         Tentacles         |     8 |    35 ||    43
         Punch             |     2 |     6 ||     8
    Use: Scroll            |     5 |    10 ||    15
         Potion            |       |     2 ||     2
   Stab: Sleeping          |     8 |    12 ||    20
         Distracted        |     1 |       ||     1
 Armour: Skin              |    38 |    67 ||   105
  Dodge: Dodged            |    44 |    80 ||   124

Table legend: (Time is in decaauts)
 A = Elapsed time spent in this place.
 B = Non-inter-level travel time spent in this place.
 C = Inter-level travel time spent in this place.
 D = Time resting spent in this place.
 E = Time spent auto-exploring this place.
 F = Levels seen in this place.
 G = Mean time per level.
                   A        B        C        D        E       F      G
               +--------+--------+--------+--------+--------+-----+--------+
         Total |   3589 |   3426 |    163 |    181 |   2487 |   6 |  598.2 |
       Dungeon |   3587 |   3424 |    163 |    181 |   2487 |   5 |  717.4 |
        Temple |      1 |      1 |      0 |      0 |      0 |   1 |    1.0 |
               +--------+--------+--------+--------+--------+-----+--------+

Top non-repeatable levels by time:
     D:2: 1046 daAuts
     D:3: 1044 daAuts
     D:1: 843 daAuts
     D:4: 483 daAuts
     D:5: 169 daAuts
  Temple: 1 daAuts
